 Dungeon Crawl Stone Soup version 0.31.0-4-g52a2dc7128 (webtiles) character file.

Game seed: 10308643551652974844

14 PaiMei the Grave Robber (level 2, 0/19 HPs)
             Began as a Demonspawn Necromancer on Jan 22, 2024.
             Succumbed to an adder's poison
             ... on level 2 of the Dungeon.
             The game lasted 00:01:49 (958 turns).

PaiMei the Grave Robber (Demonspawn Necromancer)     Turns: 958, Time: 00:01:50

Health: 0/19       AC:  2    Str:  8    XL:     2   Next: 31%
Magic:  0/5        EV: 12    Int: 15    God:
Gold:   63         SH:  0    Dex: 13    Spells: 4/5 levels left

rFire   . . .        g - +0 rapier
rCold   . . .        (no shield)
rNeg    . . .        a - +0 robe
rPois   .            (no helmet)
rElec   .            (no cloak)
rCorr   .            (no gloves)
SInv    .            (no boots)
Will    .....        (no amulet)
Stlth   ++           (no ring)
HPRegen 0.23/turn    (no ring)
MPRegen 0.09/turn

%: no passive effects
@: lethally poisoned (0 -> -4)
A: ignite blood 1
a: no special abilities


You were on level 2 of the Dungeon.
You visited 1 branch of the dungeon, and saw 2 of its levels.

You collected 63 gold pieces.

Inventory:

Hand Weapons
 d - a +0 club
 g - a +0 rapier (weapon)
Armour
 a - a +0 robe (worn)
Jewellery
 e - a ring of poison resistance
Scrolls
 f - a scroll of silence {unknown}
 h - a scroll of fog {unknown}
Potions
 b - a potion of magic
 c - a potion of mutation {unknown}
 i - a potion of attraction {unknown}


   Skills:
 + Level 0.2 Fighting
 + Level 2.0 Dodging
 - Level 2.0 Stealth
 + Level 2.2 Spellcasting
 + Level 4.5 Necromancy


You had 4 spell levels left.
You knew the following spells:

 Your Spells              Type           Power      Damage    Failure   Level
a - Necrotise             Necr           60%        1d7       3%          1

Your spell library contained the following spells:

 Spells                   Type           Power      Damage    Failure   Level
 Vampiric Draining        Necr           15%        2d7       10%         3
 Ensorcelled Hibernation  Hex/Ice        2%         N/A       32%         2
 Animate Dead             Necr           15%        N/A       32%         4
 Passwall                 Erth           1%         N/A       54%         3
 Swiftness                Air            1%         N/A       54%         3
 Curse of Agony           Necr           15%        N/A       67%         5


Dungeon Overview and Level Annotations

Branches:
Dungeon (2/15)

Altars:


Innate Abilities, Weirdness & Mutations

Your demonic aura sometimes causes spilled blood to erupt in flames.


Message History

You feel sick. The adder barely misses you. The adder bites you.
Casting: Necrotise (safe; 3% risk of failure)
Confirm with . or Enter, or press ? or * to list all spells.
You don't have enough magic to cast this spell.
You closely miss the adder.
The adder is severely wounded.
You feel sick. The adder closely misses you.
The adder bites you but does no damage.
Casting: Necrotise (safe; 3% risk of failure)
Confirm with . or Enter, or press ? or * to list all spells.
You don't have enough magic to cast this spell.
Casting: Necrotise (safe; 3% risk of failure)
Confirm with . or Enter, or press ? or * to list all spells.
You don't have enough magic to cast this spell.
You closely miss the adder.
The adder is severely wounded.
You feel sick. The adder barely misses you.
Casting: Necrotise (safe; 3% risk of failure)
Confirm with . or Enter, or press ? or * to list all spells.
Aiming: Necrotise (safe; 3% risk of failure)
Press: ? - help, Shift-Dir - straight line, f/p - adder
Aim: an adder (heavily wounded, ally target, chance to affect: 79%)
The adder writhes in agony.
You feel sick. The adder barely misses you.
Casting: Necrotise (safe; 3% risk of failure)
Confirm with . or Enter, or press ? or * to list all spells.
You don't have enough magic to cast this spell.
You closely miss the adder.
The adder is almost dead.
You feel sick.
You are no longer poisoned.
The adder misses you. The adder bites you.
* * * LOW HITPOINT WARNING * * *
You are lethally poisoned!
The adder poisons you!
Casting: Necrotise (safe; 3% risk of failure)
Confirm with . or Enter, or press ? or * to list all spells.
You don't have enough magic to cast this spell.
You barely miss the adder.
The adder is severely wounded.
You die...

# ##### # ###.[.# #####
######.....# #...
#..........#####.#######
.....#...#.......$......
......#.......##.######
..........###.##Z#
#.#..##...# #.##@#
#).#.##.....#.##S#
.........##.#.##h#
#....#...# .#.#...
.....#>.. ......
......... ..##.
#.#.##.#. #. # #...# ...
#. ..#... ..


You could see an adder (ally target), a jackal and a friendly jackal skeleton.

Vanquished Creatures
  A dart slug (D:1)
  A ball python (D:1)
  2 endoplasms
  A goblin (D:1)
  3 jackals (D:2)
  A kobold (D:2)
  2 rats
11 creatures vanquished.

Notes
Turn   | Place    | Note
-------+----------+-------------------------------------------
     0 | D:1      | PaiMei the Demonspawn Necromancer began the quest for the
                  | Orb.
     0 | D:1      | Reached XP level 1. HP: 13/13 MP: 3/3
   150 | D:1      | Found a faded altar of an unknown god.
   783 | D:2      | Gained mutation: Your demonic aura sometimes causes spilled
                  | blood to erupt in flames. [demonic ancestry]
   783 | D:2      | Reached XP level 2. HP: 19/19 MP: 3/5
   838 | D:2      | Noticed a bombardier beetle
   903 | D:2      | Identified the +0 plate armour "Mompeg" {rC+ Will+}
   958 | D:2      | Succumbed to an adder's poison

Illustrated notes

Levels and vault maps discovered:
D:1:      lightli_arrival_chessboard, layout_basic,
          hellmonk_ecumenical_altar_inner_sanctum, hex_intersection
D:2:      layout_basic, basic_altar, hangedman_abyss_or_decor_lesser_grid,
          serial_park_tiny_2, grunt_decor_junction,
          minmay_fractal_squares_gapless_5, uniq_jessica

Skill      XL: |  1 |
---------------+----+-----
Dodging        | 2 |  2.0
Stealth        | 2 |  2.0
Fighting       | |  0.2
Spellcasting   | |  2.2
Necromancy     | |  4.5

Action                     || total
---------------------------++-------
  Melee: Rapier            ||    15
   Cast: Necrotise         ||    24
 Armour: Robe              ||    16
  Dodge: Dodged            ||    13
